 Dungeon Crawl Stone Soup version 0.20-a0-984-ge8aa303 (webtiles) character file.

14 4thArraOfDagon the Skirmisher (level 2, 3/26 HPs)
             Began as a Bultungin Abyssal Knight on Apr 10, 2017.
             Was a Follower of Lugonu.
             Quit the game on level 3 of the Dungeon.
             The game lasted 00:01:43 (256 turns).

4thArraOfDagon the Skirmisher (BuAK)                 Turns: 256, Time: 00:01:44

Health: 3/26       AC:  3    Str: 11    XL:     2   Next: 45%
Magic:  4/4        EV: 12    Int: 12    God:    Lugonu [*.....]
Gold:   49         SH:  0    Dex: 13    Spells: 1/1 levels left

rFire    . . .     SeeInvis +   a - +1 falchion
rCold    . . .     Gourm    .   (no shield)
rNeg     . . .     Faith    .   b - +0 leather armour
rPois    .         Spirit   .   (no helmet)
rElec    .         Reflect  .   (no cloak)
rCorr    .         Harm     .   (no gloves)
MR       .....                  (no boots)
Stlth    +.........             (no amulet)
Regen    0.1/turn               (no ring)
MPRegen  0.1/turn               (no ring)

@: hasted (expiring), very quick
A: short attention span, fangs 1, see invisible, strong nose
a: Depart the Abyss, Renounce Religion


You were on level 3 of the Dungeon.
You worshipped Lugonu.
Lugonu was aware of your devotion.
You were not hungry.

You visited 1 branch of the dungeon, and saw 3 of its levels.
You visited the Abyss 1 time.

You collected 49 gold pieces.

Inventory:

Hand Weapons
 a - a +1 falchion (weapon)
Armour
 b - a +0 leather armour (worn)
Scrolls
 d - a scroll of teleportation {unknown}
 f - a scroll of remove curse {unknown}
 g - a scroll of random uselessness {unknown}
Miscellaneous
 e - a phantom mirror
Comestibles
 c - a bread ration


   Skills:
 + Level 4.5 Fighting
 * Level 3.5 Long Blades
 + Level 3.2 Armour
 + Level 2.3 Dodging
 + Level 2.9 Invocations


You had one spell level left.
You didn't know any spells.

Dungeon Overview and Level Annotations

Branches:
Dungeon (3/15)

Altars:

Annotations:
D:3 Malvoorn's ghost, amateur BuSk


Innate Abilities, Weirdness & Mutations

You have a short attention span.
You have very sharp teeth.
You have supernaturally acute eyesight. (SInv)
Your uncanny sense of smell can sniff out nearby items.


Message History

Lugonu accepts your kill.
You can now depart the Abyss.
* * * LOW HITPOINT WARNING * * *
You feel sick.
Things that are here:
a hand axe; a leather armour; an orc corpse
* * * LOW HITPOINT WARNING * * *
You feel sick.
You are no longer poisoned.
Malvoorn's ghost (amateur Bultungin Skald) comes into view.
Malvoorn's ghost turns its malevolent gaze towards you.
Malvoorn's ghost screams, "Don't try to defend!
You have no chance!"
Malvoorn's ghost mumbles some strange words.
Space distorts along a thin shroud covering Malvoorn's ghost's form.
Things that are here:
a hand axe; a leather armour; an orc corpse Unknown command.
An adder comes into view.
Your extra speed is starting to run out.
The adder hisses angrily.
Are you sure you want to abandon this character and quit the game? (Confirm with "yes".)

### .# #.. .#
#.# .# #.# .#
#.# .# #.# .#
####.###.#.####
#.@..)W<>S.....
#.##.##########
#. #.# #. #.# ∆
∆ #. #.# ∆ #.
#.# #. #.# ∆ ∆
#. #.# ∆ ∆ #.#


You could see Malvoorn's ghost and an adder.

Vanquished Creatures
  A white imp (Abyss:2)
  An orc (D:3)
  2 goblins (D:1)
  A hobgoblin (D:2)
  A ball python (D:2)
  2 rats (D:1)
8 creatures vanquished.

Notes
Turn   | Place    | Note
-------+----------+-------------------------------------------
     0 | Abyss:1  | 4thArraOfDagon the Bultungin Abyssal Knight began the quest for the Orb.
     0 | Abyss:1  | Reached XP level 1. HP: 20/20 MP: 2/2
    79 | Abyss:2  | Reached XP level 2. HP: 13/26 MP: 4/4
    83 | Abyss:2  | Noticed a glowing orange brain
   101 | Abyss:2  | Noticed a large abomination
   105 | Abyss:2  | Noticed a neqoxec
   108 | Abyss:2  | Noticed an ancient zyme
   112 | Abyss:2  | Noticed a smoke demon
   113 | D:1      | Escaped the Abyss
   211 | D:3      | Reached * piety under Lugonu
   218 | D:3      | HP: 1/26 [poisoned by an adder]
   251 | D:3      | Noticed Malvoorn's ghost (amateur BuSk)
   256 | D:3      | Quit the game

Vault maps used:
D:1:      dpeg_arrival_long_road
D:2:      doesnt_xom_only_xom, first_bread, hangedman_decor_points,
          grunt_decor_mini_mirrors, serial_bayou_pond_d,
          minmay_misc_feat_columns
D:3:      cheibrodos_fertilizer

Skill      XL: |  1  2 |
---------------+-------+-----
Dodging        | 2 |  2.3
Fighting       | |  4.5
Long Blades    | |  3.5
Armour         | |  3.2
Invocations    | |  2.9

Action                   || total
-------------------------++-------
Melee: Falchion          ||    18
       Bite              ||     1
Invok: Depart the Abyss  ||     1
  Use: Potion            ||     2
Armor: Leather armour    ||     1
Dodge: Dodged            ||     4
       Rpst.: Falchion   ||     3
